 Dungeon Crawl Stone Soup version 0.28-a0-461-g2dc4ca5097 (webtiles) character file.

Game seed: 5739407405445887425

702 heikuro the Stinger (level 7, -3/46 HPs)
             Began as a Formicid Venom Mage on Sept 14, 2021.
             Was an Initiate of Sif Muna.
             Slain by a wyvern skeleton (13 damage)
             ... on level 5 of the Dungeon.
             The game lasted 00:22:28 (7655 turns).

heikuro the Stinger (Formicid Venom Mage)           Turns: 7655, Time: 00:22:28

Health: -3/46      AC:  5    Str: 12    XL:     7   Next: 98%
Magic:  12/12      EV: 12    Int: 17    God:    Sif Muna [......]
Gold:   188        SH:  0    Dex: 11    Spells: 6/13 levels left

rFire   . . .      SeeInvis +   q - +1 mace (holy)
rCold   . . .      Faith    .   (no shield)
rNeg    + . .      Spirit   .   a - +0 robe
rPois   .          Reflect  .   (helmet unavailable)
rElec   .          Harm     .   p - +2 cloak
rCorr   .          Rampage  .   (no gloves)
Will    .....                   (no boots)
Stlth   +++.......              (no amulet)
HPRegen 0.15/turn               j - ring of positive energy
MPRegen 0.13/turn               (no ring)

@: no status effects
A: permanent stasis, dig shafts and tunnels, antennae 3, four strong arms
a: Dig, Shaft Self, Renounce Religion


You were on level 5 of the Dungeon.
You worshipped Sif Muna.
Sif Muna was noncommittal.
You visited 2 branches of the dungeon, and saw 6 of its levels.

You collected 188 gold pieces.

Inventory:

Hand Weapons
 q - a +1 mace of holy wrath (weapon)
 s - a +0 trident of venom
Missiles
 h - 3 throwing nets
 n - 4 poisoned darts (quivered)
Armour
 a - a +0 robe (worn)
 g - a +0 leather armour
 p - a +2 cloak (worn)
Magical Staves
 d - a staff of earth
Jewellery
 j - a ring of positive energy (left hand)
Wands
 l - a wand of charming (5)
Scrolls
 c - 6 scrolls of teleportation {unknown}
 f - a scroll of identify
 i - a scroll of vulnerability {unknown}
 m - a scroll of immolation {unknown}
 r - a scroll of magic mapping {unknown}
Potions
 b - a potion of mutation
 e - a potion of invisibility
 k - 2 potions of magic
 o - a potion of lignification {unknown}


   Skills:
 + Level 2.7 Staves
 - Level 2.0 Dodging
 + Level 4.7 Stealth
 + Level 3.6 Spellcasting
 - Level 1.3 Transmutations
 + Level 3.2 Earth Magic
 * Level 7.0 Poison Magic
 + Level 2.8 Evocations


You had 6 spell levels left.
You knew the following spells:

 Your Spells              Type           Power      Damage    Failure   Level
a - Sting                 Tmut/Pois      68%        1d6       3%          1
b - Poisonous Vapours     Pois/Air       30%        N/A       6%          2
c - Olgreb's Toxic Radia  Pois           26%        N/A       9%          4

Your spell library contained the following spells:

 Spells                   Type           Power      Damage    Failure   Level
 Mephitic Cloud           Conj/Pois/Air  11%        N/A       19%         3


Dungeon Overview and Level Annotations

Branches:
Dungeon (5/15)             Temple (1/1) D:5

Altars:
Gozag
Hepliaklqana
Kikubaaqudgha
Makhleb
Nemelex Xobeh
Okawaru
Qazlal
Ru
Sif Muna
Uskayaw
Wu Jian
Yredelemnul
Zin
The Shining One

Annotations:
D:3 3 runed translucent doors, Shayle's ghost, weakling DjWr


Innate Abilities, Weirdness & Mutations

You cannot be hasted, slowed, berserked, paralysed or teleported.
You can dig through walls and to a lower floor.
You have a pair of large antennae on your head. (SInv)
Your four strong arms can wield two-handed weapons with a shield.


Message History

The ice beast hits you. The ice beast freezes you!
* * * LOW HITPOINT WARNING * * *
You climb downwards.
There is a stone staircase leading up here.
There is a stone staircase leading up here.
You climb upwards.
There is a stone staircase leading down here.
You start resting.
HP restored.
There is an open door here.
There is a stone staircase leading down here.
You climb downwards.
The wyvern skeleton bites you!
There is a stone staircase leading up, spattered with blood here.
Your +0 trident of venom stops dripping with poison.
Your +1 mace of holy wrath softly glows with a divine radiance!
q - a +1 mace of holy wrath (weapon)
The wyvern skeleton bites you!
You are too injured to fight recklessly!
You are too injured to fight recklessly!
You are too injured to fight recklessly!
You are too injured to fight recklessly!
You hit the wyvern skeleton.
The wyvern skeleton convulses.
The wyvern skeleton is moderately damaged.
The wyvern skeleton barely misses you. x2
You sock the wyvern skeleton!
The wyvern skeleton convulses.
The wyvern skeleton is heavily damaged.
The wyvern skeleton bites you!
You hit the wyvern skeleton.
The wyvern skeleton convulses.
The wyvern skeleton is severely damaged.
The wyvern skeleton closely misses you.
The wyvern skeleton bites you but does no damage.
You hit the wyvern skeleton.
The wyvern skeleton convulses.
The wyvern skeleton is almost destroyed.
The wyvern skeleton closely misses you. The wyvern skeleton misses you.
You barely miss the wyvern skeleton.
The wyvern skeleton is almost destroyed.
The wyvern skeleton bites you.
* * * LOW HITPOINT WARNING * * *
The wyvern skeleton bites you!
You die...

#l# #....#.. . #.# #....# .## #.#
#....# ..# .# #.#### #....# #.#
.# #....# #....# ##.###.# ####.#
#....# #... ... ..##.# ##'###
#..##... ..##.####### #.#####
#.....). ..'..#.....#
#.#@..#######.#.....
..####.....###.Z...........#..Y..
..# #.....#.....###########..#.#
..# #...........# #.....# ..#
#.....8.8.8.##########.....# ..#
#......⌠.⌠...)......)......# ###
#.....8.>.8.##########.##..#
#...[..⌠.⌠..# #....># ####
###'.)8.8.8.# #######


You could see a wyvern skeleton.

Vanquished Creatures
  An ice beast (D:5)
  An orc warrior (D:5)
  A necrophage (D:5)
  An orc priest (D:5)
  Crazy Yiuf (D:4)
  A centaur skeleton (D:4)
  A bullfrog skeleton (D:5)
  3 iguanas
  2 orc wizards (D:5)
  A hound zombie (D:3)
  2 hound skeletons (D:4)
  3 adders
  A white imp (D:5)
  An adder skeleton (D:4)
  A worm (D:4)
  5 dart slugs
  11 orcs
  7 bats
  4 endoplasms
  4 giant cockroaches
  5 goblins
  8 hobgoblins
  9 kobolds
  4 quokkas
  2 ball pythons
  4 frilled lizards
  A giant cockroach zombie (D:3)
  7 rats
92 creatures vanquished.

Vanquished Creatures (others)
  11 plants (D:5)
11 creatures vanquished.

Grand Total: 103 creatures vanquished

Notes
Turn   | Place    | Note
-------+----------+-------------------------------------------
     0 | D:1      | heikuro the Formicid Venom Mage began the quest for the
                  | Orb.
     0 | D:1      | Reached XP level 1. HP: 13/13 MP: 3/3
   144 | D:1      | Found a faded altar of an unknown god.
   155 | D:1      | Reached XP level 2. HP: 11/19 MP: 1/5
   656 | D:1      | Learned a level 2 spell: Poisonous Vapours
   785 | D:1      | Reached XP level 3. HP: 24/24 MP: 3/6
  1652 | D:2      | Reached skill level 1 in Earth Magic
  2031 | D:2      | Reached XP level 4. HP: 30/30 MP: 4/7
  2547 | D:3      | Learned a level 4 spell: Olgreb's Toxic Radiance
  2653 | D:3      | Reached skill level 1 in Staves
  2696 | D:3      | Reached skill level 5 in Poison Magic
  2860 | D:3      | Found a sacrificial altar of Ru.
  3215 | D:3      | Found a runed translucent gate.
  3215 | D:3      | Found a runed translucent gate.
  3215 | D:3      | Found a runed translucent gate.
  3215 | D:3      | Noticed Shayle's ghost (weakling DjWr)
  3217 | D:3      | Found a basalt altar of Yredelemnul.
  3237 | D:3      | Reached skill level 1 in Evocations
  3237 | D:3      | Reached XP level 5. HP: 25/35 MP: 8/8
  4440 | D:4      | Found an ornate altar of the Wu Jian Council.
  5055 | D:4      | Reached XP level 6. HP: 11/41 MP: 10/10
  5651 | D:4      | Found a runed translucent door.
  5652 | D:4      | Noticed Crazy Yiuf
  5776 | D:4      | Killed Crazy Yiuf
  5917 | D:5      | Entered Level 5 of the Dungeon
  5917 | D:5      | Found a staircase to the Ecumenical Temple.
  5925 | Temple   | Entered the Ecumenical Temple
  5967 | Temple   | Became a worshipper of Sif Muna the Loreminder
  6237 | D:5      | Noticed a necrophage
  6250 | D:5      | Killed a necrophage
  6251 | D:5      | Reached skill level 6 in Poison Magic
  6362 | D:5      | Reached XP level 7. HP: 46/46 MP: 6/11
  7037 | D:5      | Reached skill level 7 in Poison Magic
  7655 | D:5      | Slain by a wyvern skeleton

Illustrated notes

Levels and vault maps discovered:
D:1:      wander_arrival_desolate, layout_loops_ring,
          dreamdust_ecumenical_altar_statues, minmay_misc_feat_tiny
D:2:      layout_rooms, grunt_decor_mini_mirrors
D:3:      layout_loops_corners, nicolae_yredelemnul_ghost_church,
          mainiacjoe_overflow_six_doors_small, minmay_misc_feat_rugged,
          minmay_fountain_box
D:4:      layout_loops_corners, mainiacjoe_overflow_catwalk,
          uniq_crazy_yiuf_cottage
D:5:      layout_basic, overflow_temple_1_default,
          minmay_temple_entry_statues_fountains, supply_closet_lemuel,
          serial_bayou_ford_a, minmay_hedge_maze, uniq_sigmund
Temple:   minmay_freezing_vapour_temple

Skill      XL: |  1  2  3  4  5  6  7 |
---------------+----------------------+-----
Dodging        | 2 |  2.0
Earth Magic    | 1 2 3 |  3.2
Stealth        | 3 4 |  4.7
Staves         | 1 2 |  2.7
Poison Magic   | 5 6 7 |  7.0
Evocations     | 1 2 |  2.8
Spellcasting   | 3 |  3.6
Transmutations | |  1.3

Action                   |  1- 3 |  4- 6 |  7- 9 || total
-------------------------+-------+-------+-------++-------
Melee: Club              |     3 |       |       ||     3
       Staff             |    19 |    70 |    15 ||   104
       Mace              |       |     4 |    12 ||    16
       Trident           |       |       |    10 ||    10
Throw: Dart              |       |     2 |       ||     2
 Cast: Sting             |    21 |    24 |    13 ||    58
       Poisonous Vapours |    21 |    27 |     4 ||    52
       Olgreb's Toxic Ra |       |     1 |     3 ||     4
  Use: Scroll            |     3 |     1 |       ||     4
 Stab: Sleeping          |       |     2 |       ||     2
Armor: Robe              |     9 |    11 |    14 ||    34
Dodge: Dodged            |    27 |    57 |    34 ||   118

Table legend: (Time is in decaauts)
 A = Elapsed time spent in this place.
 B = Non-inter-level travel time spent in this place.
 C = Inter-level travel time spent in this place.
 D = Time resting spent in this place.
 E = Time spent auto-exploring this place.
 F = Levels seen in this place.
 G = Mean time per level.
                   A        B        C        D        E       F      G
               +--------+--------+--------+--------+--------+-----+--------+
         Total |   7677 |   7466 |    211 |   3017 |   2042 |   6 | 1279.5 |
       Dungeon |   7627 |   7416 |    211 |   3017 |   2042 |   5 | 1525.4 |
        Temple |     49 |     49 |      0 |      0 |      0 |   1 |   49.0 |
               +--------+--------+--------+--------+--------+-----+--------+

Top non-repeatable levels by time:
     D:4: 2126 daAuts
     D:3: 1712 daAuts
     D:5: 1368 daAuts
     D:1: 1342 daAuts
     D:2: 1077 daAuts
  Temple: 49 daAuts
